 Dungeon Crawl Stone Soup version 0.27-a0-346-ga689d4a613 (webtiles) character file.

Game seed: 4224205990799821346

7284 rednaxela the Nimble (level 10, -7/34 (37) HPs)
             Began as a Felid Chaos Knight on Feb 16, 2021.
             Was a Plaything of Xom.
             Killed from afar by a gargoyle (17 damage)
             ... with a stone arrow
             ... on level 11 of the Dungeon.
             The game lasted 01:16:12 (15937 turns).

rednaxela the Nimble (Felid Chaos Knight)          Turns: 15937, Time: 01:16:13

HP:   -7/34 (37)    AC:  2    Str:  8    XL:     10   Next: 89%
MP:   17/17         EV: 26    Int: 18    God:    Xom [.*....]
Gold: 547           SH:  0    Dex: 12    Spells: 5/17 levels left
                                        Lives: 0   Deaths: 3

rFire    + + +     SeeInvis +     - Unarmed
rCold    + . .     Faith    .   (shield unavailable)
rNeg     . . .     Spirit   .   (armour unavailable)
rPois    .         Reflect  .   (helmet unavailable)
rElec    +         Harm     .   (cloak unavailable)
rCorr    .         Rampage  .   (gloves unavailable)
Will     ++...                  (boots unavailable)
Stlth    ++........             h - amulet of regeneration
HPRegen  1.11/turn              f - ring of the Heavens {rElec rF+ rC+ Dex-3}
MPRegen  0.15/turn              n - ring of willpower

@: drained, quick
A: very small, no armour, no weapons or thrown items, stealth, claws 1, fangs 3,
see invisible, fire resistance 2, speed 1, frail 1, screaming 1, shaggy fur 2,
sharp paws
a: Renounce Religion


You were on level 11 of the Dungeon.
You worshipped Xom.
You were a plaything of Xom.
You visited 1 branch of the dungeon, and saw 11 of its levels.

You collected 675 gold pieces.
You spent 128 gold pieces at shops.

Inventory:

Jewellery
 c - a +6 ring of dexterity
 f - the ring of the Heavens (left paw) {rElec rF+ rC+ Dex-3}
   (You acquired it on level 8 of the Dungeon)

   [ring of protection from cold]

   It affects your dexterity (-3).
   It protects you from fire.
   It protects you from cold.
   It insulates you from electricity.
 h - an amulet of regeneration (around neck)
 i - a ring of poison resistance
 k - a +6 ring of intelligence
 l - an amulet of magic regeneration
 n - a ring of willpower (right paw)
 v - an amulet of the acrobat
Wands
 w - a wand of random effects (7)
 x - a wand of paralysis (11)
 y - a wand of iceblast (5)
 B - a wand of acid (4)
 C - a wand of mindburst (11)
 D - a wand of flame (12)
Scrolls
 b - 5 scrolls of immolation
 g - 3 scrolls of teleportation
 p - a scroll of fog
 q - a scroll of magic mapping
 r - 3 scrolls of amnesia
 t - a scroll of fear
 u - 2 scrolls of vulnerability
Potions
 a - a potion of magic
 d - 2 potions of flight
 e - a potion of cancellation
 j - a potion of lignification
 m - a potion of ambrosia {unknown}
 o - 4 potions of brilliance
 s - 4 potions of might
 z - a potion of mutation
 A - a potion of haste


   Skills:
 - Level 3.0 Fighting
 + Level 14.4 Dodging
 + Level 13.6 Unarmed Combat
 - Level 4.0 Spellcasting
 - Level 5.0 Hexes
 - Level 3.0 Ice Magic
 - Level 3.0 Evocations


You had 5 spell levels left.
You knew the following spells:

 Your Spells              Type           Power        Failure   Level
a - Slow                  Hex            21%          2%          2
b - Ensorcelled Hibernat  Hex/Ice        36%          4%          2
c - Confusing Touch       Hex            21%          5%          3
d - Tukima's Dance        Hex            21%          5%          3
t - Blink                 Tloc           N/A          22%         2

Your spell library contained the following spells:

 Spells                   Type           Power        Failure   Level
 Corona                   Hex            23%          1%          1
 Magic Dart               Conj           12%          14%         1
 Dazzling Flash           Conj/Hex       24%          16%         3
 Call Imp                 Summ           3%           22%         2
 Conjure Flame            Conj/Fire      3%           41%         3
 Mephitic Cloud           Conj/Pois/Air  3%           41%         3


Dungeon Overview and Level Annotations

Branches:
Dungeon (11/15)            Temple (0/1) D:5            Lair (0/6) D:8
    Orc (0/2) D:9

Altars:
Ashenzari
Cheibriados
Dithmenos
Elyvilon
Gozag
Hepliaklqana
Makhleb
Nemelex Xobeh
Okawaru
Sif Muna
Uskayaw
Wu Jian
Yredelemnul

Shops:
D:7 *   D:10 (

Annotations:
D:5 3 runed translucent doors, 2 transporters, cosmiccharlie's ghost, weakling OpDe
D:8 !storm dragon shape shifter


Innate Abilities, Weirdness & Mutations

You cannot wear armour.
You are incapable of wielding weapons or throwing items.
Your paws allow you to move quietly. (Stealth)
You have sharp claws.
You have razor-sharp teeth.
You have supernaturally acute eyesight. (SInv)
You cover ground quickly.
You are covered in thick fur. (AC +2)
Your sharp claws are effective at attacking unaware monsters.
Your flesh is very heat resistant. (rF++)
You are frail. (-10% HP)
You occasionally shout uncontrollably at your foes.


Message History

The orc dies!
Things that are here:
a +0 chain mail of poison resistance; an orc corpse You scratch the orc.
The orc is severely wounded.
The orc completely misses you.
You claw the orc!
You kill the orc!
Your +0 glaive falls from the air.
Your +0 falchion falls from the air.
Things that are here:
a +0 club; an orc corpse
Things that are here:
a +0 falchion; an orc corpse You see here a +0 glaive.
There is a stone staircase leading down here.
Xom snickers.
Your eyebrows briefly feel incredibly bushy.
Done exploring.
Done exploring.
Done exploring.
Done exploring.
There is a stone staircase leading down here.
There is a stone staircase leading down here.
You climb downwards.
A gargoyle comes into view. It is wielding a +0 flail.
Found 22 stones.
There is a stone staircase leading up here. "Let's see if it's strong enough to survive yet."
The gargoyle's +0 flail dances into the air!
Your +0 flail hits the gargoyle!!
The gargoyle hurls a stone arrow at you.
The stone arrow hits you!!
Ouch! That really hurt!
* * * LOW HITPOINT WARNING * * *
A shower of butterflies erupts from you!
Your +0 flail hits the gargoyle!
The gargoyle hurls a stone arrow at you.
The stone arrow hits you!
Ouch! That really hurt!
You die...

#...#
#...#
#...#
#.(.#
#.9.#
#...#
#...#
#...#
#.@b#
#..<#
#b..#
#...#
#...#
#...#
.....
######


You could see a gargoyle (ally target) and a friendly +0 flail.

Vanquished Creatures
  Harold (D:8)
  A fire crab (shapeshifter) (D:9)
  An unseen horror (D:7)
  Pikel (D:5)
  Maurice (D:8)
  A gargoyle (D:10)
  A centaur skeleton (D:10)
  A rime drake (D:9)
  Psyche (D:8)
  A meliai (shapeshifter) (D:9)
  A hornet (D:8)
  3 trolls (D:9)
  A fire bat (D:4)
  A wyvern (D:10)
  2 humans (D:8)
  10 soldier ants (D:9)
  11 orc warriors
  2 black bears (D:8)
  6 ice beasts
  A necrophage (D:7)
  A sky beast (D:9)
  4 centaurs
  5 phantoms
  8 bullfrogs
  2 gnoll sergeants (D:7)
  A wyvern zombie (D:10)
  2 wyvern skeletons
  11 killer bees
  7 wights
  4 electric eels (D:9)
  A howler monkey (D:5)
  A quasit (D:9)
  14 orc priests
  A jelly (D:9)
  2 gnoll shamans (D:7)
  6 hounds
  3 bullfrog skeletons
  2 iguanas
  Ijyb (D:5)
  12 orc wizards
  34 worker ants
  2 howler monkey skeletons
  16 gnolls (D:7)
  7 adders
  3 shadow imps
  3 white imps
  3 ufetubi
  2 adder skeletons
  4 worms
  7 leopard geckos
  48 orcs
  3 giant cockroaches
  6 hobgoblins
  17 jackals
  6 kobolds
  5 quokkas
  A ball python (D:6)
  3 bats
  7 frilled lizards
  7 goblins
  A leopard gecko skeleton (D:7)
  A quokka skeleton (D:9)
  A quokka zombie (D:6)
  5 rats
328 creatures vanquished.

Vanquished Creatures (collateral kills)
  A two-headed ogre (D:9)
  An orc warrior (D:10)
  3 electric eels (D:9)
  An orc priest (D:7)
  A centaur skeleton (D:7)
  2 orc wizards (D:9)
  A worker ant (D:5)
  A gnoll (D:7)
  3 orcs
14 creatures vanquished.

Vanquished Creatures (others)
  3 dancing weapons
  An orc priest (D:3)
  7 plants
11 creatures vanquished.

Grand Total: 353 creatures vanquished

Notes
Turn   | Place    | Note
-------+----------+-------------------------------------------
     0 | D:1      | rednaxela the Felid Chaos Knight began the quest for the
                  | Orb.
     0 | D:1      | Reached XP level 1. HP: 10/10 MP: 2/2
   128 | D:1      | XOM: silly message
   254 | D:1      | XOM: silly message
   528 | D:1      | Reached XP level 2. HP: 14/14 MP: 3/3
   978 | D:1      | XOM: give mutations
   978 | D:1      | Gained mutation: You have a pair of small horns on your
                  | head. [Xom's mischief]
   978 | D:1      | Gained mutation: You tend to lose your temper in combat.
                  | [Xom's mischief]
  1245 | D:2      | Reached XP level 3. HP: 17/17 MP: 4/4
  1634 | D:2      | XOM is BORED!
  1634 | D:2      | XOM: noise
  1997 | D:2      | Found a faded altar of an unknown god.
  2095 | D:2      | Reached skill level 4 in Dodging
  2230 | D:2      | XOM: noise
  2326 | D:2      | XOM: butterfly on damage
  2354 | D:2      | XOM: cleaving
  2402 | D:2      | XOM: give mutation
  2402 | D:2      | Gained mutation: You expend magic power (3 MP) to
                  | strengthen your wands. [Xom's grace]
  2412 | D:2      | XOM: god gift: 44 gold pieces
  2455 | D:2      | XOM is BORED!
  2455 | D:2      | XOM: stat loss: -1 Dex (14/15)
  2589 | D:3      | You fall into a shaft and drop 3 floors!
  2592 | D:5      | Entered Level 5 of the Dungeon
  2597 | D:5      | Noticed Ijyb
  2624 | D:5      | Killed Ijyb
  2923 | D:5      | Noticed an ice beast
  2956 | D:5      | Found a burning altar of Makhleb.
  3026 | D:5      | Noticed Pikel
  3026 | D:5      | Noticed a lemure
  3035 | D:5      | Reached XP level 4. HP: 12/21 MP: 5/5
  3131 | D:5      | XOM: silly message
  3151 | D:5      | Killed an ice beast
  3152 | D:5      | Reached skill level 5 in Unarmed Combat
  3152 | D:5      | Reached skill level 1 in Evocations
  3152 | D:5      | Reached XP level 5. HP: 24/24 MP: 0/6
  3230 | D:5      | Found a runed translucent gate.
  3230 | D:5      | Found a runed translucent gate.
  3231 | D:5      | Found a runed translucent gate.
  3261 | D:5      | Noticed cosmiccharlie's ghost (weakling OpDe)
  3263 | D:5      | Noticed a necrophage
  3279 | D:5      | Reached skill level 5 in Dodging
  3315 | D:5      | Found a transporter.
  3361 | D:5      | XOM: 3-stop teleportation journey
  3403 | D:3      | XOM: 1-stop teleportation journey
  3429 | D:3      | XOM: god gift: scroll of amnesia
  3568 | D:3      | XOM: 6-stop teleportation journey
  3569 | D:3      | Noticed an orc warrior
  3572 | D:3      | Slain by an orc warrior
  3573 | D:3      | Reached XP level 4. HP: -1/21 MP: 5/5
  3591 | D:3      | Killed an orc warrior
  3592 | D:3      | Reached XP level 5. HP: 24/24 MP: 0/6
  3611 | D:3      | XOM: enchant monster (good)
  3944 | D:3      | Found a broken altar of Ashenzari.
  3946 | D:3      | Found a shimmering blue altar of Sif Muna.
  3953 | D:3      | Found a basalt altar of Yredelemnul.
  4102 | D:4      | XOM: enchant monster (bad)
  4108 | D:4      | Gained mutation: You are covered in thick fur. (AC +2)
                  | [Felid growth]
  4108 | D:4      | Reached XP level 6. HP: 15/28 MP: 7/7
  4435 | D:4      | XOM: fog
  4439 | D:4      | Noticed a fire bat
  4439 | D:4      | an ogre changed into a fire bat
  4439 | D:4      | XOM: polymorph ogre -> fire bat
  4445 | D:4      | Killed a fire bat
  4446 | D:4      | Reached skill level 6 in Dodging
  4541 | D:4      | XOM: give mutations
  4541 | D:4      | Gained mutation: Your flesh is heat resistant. (rF+) [Xom's
                  | grace]
  4541 | D:4      | Gained mutation: You are agile. (Dex +2) [Xom's grace]
  4541 | D:4      | Gained mutation: You are very agile. (Dex +4) [Xom's grace]
  4541 | D:4      | Gained mutation: Your flesh is very heat resistant. (rF++)
                  | [Xom's grace]
  4550 | D:4      | Reached XP level 7. HP: 27/31 MP: 8/8
  4818 | D:5      | XOM: divination: detect items
  4832 | D:5      | XOM: repel stairs
  4874 | D:5      | Reached skill level 7 in Dodging
  5391 | D:5      | XOM is BORED!
  5431 | D:5      | Found a snail-covered altar of Cheibriados.
  5436 | D:5      | XOM: cast spell 'Summon Ice Beast'
  5615 | D:5      | Found a transporter.
  5627 | D:5      | XOM: noise
  5639 | D:5      | Reached XP level 8. HP: 29/34 MP: 9/9
  5720 | D:5      | Found a staircase to the Ecumenical Temple.
  5903 | D:6      | Found a shadowy altar of Dithmenos.
  5904 | D:6      | Found a hazy altar of Hepliaklqana.
  6159 | D:6      | Found a shimmering blue altar of Sif Muna.
  6275 | D:6      | Reached skill level 8 in Dodging
  6355 | D:6      | XOM: silly message
  7009 | D:7      | Found Lizuopig's General Store.
  7051 | D:7      | XOM: blink monster(s)
  7063 | D:7      | XOM: swap monsters
  7068 | D:7      | Reached skill level 9 in Dodging
  7119 | D:7      | Reached XP level 9. HP: 32/37 MP: 2/10
  7119 | D:7      | XOM: cast spell 'Summon Horrible Things'
  7124 | D:7      | Reached skill level 10 in Unarmed Combat
  7172 | D:7      | XOM: cast spell 'Summon Hydra'
  7210 | D:7      | Noticed an unseen horror
  7217 | D:7      | Killed an unseen horror
  7218 | D:7      | Reached skill level 10 in Dodging
  7755 | D:7      | XOM: give mutation
  7755 | D:7      | Gained mutation: You are somewhat resistant to further
                  | mutation. [Xom's grace]
  7889 | D:7      | Found a white marble altar of Elyvilon.
  7955 | D:7      | Learned a level 2 spell: Ensorcelled Hibernation
  7959 | D:7      | Learned a level 3 spell: Confusing Touch
  7963 | D:7      | Learned a level 3 spell: Tukima's Dance
  8007 | D:7      | Bought a wand of paralysis (6) for 128 gold pieces
  8097 | D:8      | Found an opulent altar of Gozag.
  8097 | D:8      | Found a white marble altar of Elyvilon.
  8105 | D:8      | Found an ornate altar of the Wu Jian Council.
  8107 | D:8      | Found a hide-covered altar of Uskayaw.
  8108 | D:8      | Found a sparkling altar of Nemelex Xobeh.
  8135 | D:8      | XOM: 1-stop teleportation journey
  8168 | D:8      | Reached skill level 1 in Spellcasting
  8168 | D:8      | Reached skill level 1 in Hexes
  8202 | D:8      | XOM: smoke on damage
  8284 | D:8      | Identified a scroll of acquirement
  8284 | D:8      | Acquired the ring of the Heavens {rElec rF+ rC+ Dex-3}
  8289 | D:8      | Found a staircase to the Lair.
  8312 | D:8      | XOM: summons 3 hostile shadow creatures
  8313 | D:8      | Noticed a two-headed ogre
  8334 | D:8      | XOM: polymorph ufetubus -> shadow imp
  8349 | D:8      | XOM: potion effect (curing)
  8850 | D:8      | Noticed Harold
  9038 | D:8      | Noticed Psyche
  9043 | D:8      | Killed Psyche
  9044 | D:8      | Reached XP level 10. HP: 42/42 MP: 10/14
  9220 | D:8      | XOM: noise
  9304 | D:8      | XOM: noise
  9383 | D:8      | Noticed Maurice
  9395 | D:8      | Killed Maurice
  9396 | D:8      | Reached skill level 5 in Hexes
  9511 | D:8      | XOM: 1-stop teleportation journey
  9515 | D:8      | Learned a level 2 spell: Slow
  9518 | D:8      | Learned a level 2 spell: Blink
  9993 | D:5      | Killed Pikel
 10216 | D:9      | Noticed a queen ant
 10390 | D:8      | Killed Harold
 10391 | D:8      | Reached skill level 11 in Dodging
 10569 | D:9      | XOM: summons friendly shadow imp
 10734 | D:8      | XOM: summons 6 hostile demons
 10831 | D:9      | Found an iron altar of Okawaru.
 11047 | D:8      | XOM: silly message
 11094 | D:9      | XOM: summons friendly crimson imp
 11096 | D:8      | XOM: fake destruction
 11099 | D:8      | XOM: confusion
 11115 | D:8      | Succumbed to a queen ant's poison
 11116 | D:8      | Reached XP level 9. HP: -1/37 MP: 11/16
 11215 | D:8      | XOM: enchant monster (bad)
 11217 | D:8      | XOM: fog
 11223 | D:8      | Noticed a catoblepas
 11223 | D:8      | a queen ant changed into a catoblepas
 11223 | D:8      | XOM: polymorph queen ant -> catoblepas
 11231 | D:8      | Noticed a storm dragon
 11231 | D:8      | a catoblepas changed into a storm dragon
 11231 | D:8      | XOM: polymorph catoblepas -> storm dragon
 11232 | D:8      | XOM: chaos cloud
 11235 | D:8      | XOM: enchant monster (good)
 11240 | D:8      | XOM: cleaving
 11556 | D:9      | XOM: blink monster(s)
 11560 | D:9      | XOM: confusion
 11561 | D:9      | XOM: chaos cloud
 11562 | D:9      | XOM: silly message
 11807 | D:9      | Reached skill level 12 in Dodging
 11824 | D:9      | Reached XP level 10. HP: 42/42 MP: 11/17
 11828 | D:10     | Entered Level 10 of the Dungeon
 11917 | D:9      | XOM: stat loss: -1 Int (17/18)
 12070 | D:9      | XOM: give mutations
 12070 | D:9      | Lost mutation: You have a pair of small horns on your head.
                  | [Xom's mischief]
 12070 | D:9      | Lost mutation: You tend to lose your temper in combat.
                  | [Xom's mischief]
 12070 | D:9      | Lost mutation: You are very agile. (Dex +4) [Xom's
                  | mischief]
 12306 | D:9      | XOM: polymorph soldier ant -> troll
 12339 | D:9      | XOM: noise
 12346 | D:9      | XOM: swap monsters
 12437 | D:9      | XOM: summons 6 hostile demons
 12466 | D:10     | XOM: repel stairs
 12495 | D:10     | XOM: summons 5 hostile demons
 12589 | D:9      | XOM: give mutations
 12589 | D:9      | Gained mutation: You are frail. (-10% HP) [Xom's mischief]
 12589 | D:9      | Lost mutation: You are somewhat resistant to further
                  | mutation. [Xom's mischief]
 12589 | D:9      | Gained mutation: You occasionally shout uncontrollably at
                  | your foes. [Xom's mischief]
 12636 | D:9      | XOM: polymorph worker ant -> shapeshifter
 12653 | D:9      | XOM: enchant monster (bad)
 12655 | D:9      | Noticed a fire crab
 12655 | D:9      | a komodo dragon changed into a fire crab
 12708 | D:9      | Killed a fire crab
 12721 | D:9      | XOM: give mutations
 12721 | D:9      | Lost mutation: You expend magic power (3 MP) to strengthen
                  | your wands. [Xom's mischief]
 12721 | D:9      | Gained mutation: Your body sometimes deteriorates upon
                  | taking damage. [Xom's mischief]
 12737 | D:9      | XOM: give mutations
 12737 | D:9      | Lost mutation: You are agile. (Dex +2) [Xom's mischief]
 12737 | D:9      | Lost mutation: Your body sometimes deteriorates upon taking
                  | damage. [Xom's mischief]
 12875 | D:9      | XOM: noise
 12903 | D:9      | Reached skill level 13 in Dodging
 13068 | D:9      | XOM: chaos cloud
 13099 | D:9      | XOM: summons 6 hostile demons
 13100 | D:9      | Noticed an orange demon
 13105 | D:9      | XOM: polymorph soldier ant -> rime drake
 13123 | D:9      | XOM: stat loss: -1 Dex (11/12)
 13135 | D:9      | XOM: noise
 13143 | D:9      | Killed from afar by a rime drake
 13144 | D:9      | Reached XP level 9. HP: -7/33 MP: 16/16
 13168 | D:9      | XOM: butterfly on damage
 13169 | D:9      | XOM: stat loss: -1 Dex (11/12)
 13171 | D:9      | XOM: fake destruction
 13190 | D:9      | XOM: polymorph soldier ant -> shapeshifter
 13195 | D:9      | Killed a rime drake
 13197 | D:9      | Noticed a meliai
 13199 | D:9      | XOM: noise
 13201 | D:9      | Killed a meliai
 13295 | D:9      | XOM: enchant monster (bad)
 13299 | D:9      | Reached XP level 10. HP: 33/37 MP: 13/17
 13425 | D:9      | XOM: enchant monster (bad)
 13697 | D:9      | XOM: silly message
 13705 | D:9      | XOM: repel stairs
 13916 | D:9      | XOM: god gift: 25 gold pieces
 14020 | D:9      | XOM: summons friendly red devil
 14144 | D:9      | XOM: scenery: summon butterflies
 14191 | D:9      | XOM: cast spell 'Summon Dragon'
 14327 | D:9      | Found a staircase to the Orcish Mines.
 14374 | D:10     | Noticed a two-headed ogre
 14394 | D:9      | Killed a two-headed ogre
 14527 | D:10     | Noticed a gargoyle
 14756 | D:9      | XOM: smoke on damage
 14761 | D:9      | Reached skill level 14 in Dodging
 14879 | D:10     | Killed a gargoyle
 14888 | D:10     | XOM: summons 2 friendly demons
 14991 | D:10     | XOM: chaos upgrade
 15004 | D:10     | XOM: swap monsters
 15046 | D:10     | XOM: silly message
 15156 | D:10     | XOM: smoke on damage
 15189 | D:9      | XOM: draining
 15269 | D:10     | Found an opulent altar of Gozag.
 15438 | D:10     | Found Buoseidgh's Antique Weapon Emporium.
 15461 | D:10     | XOM: blink monster(s)
 15770 | D:10     | XOM: silly message
 15903 | D:10     | XOM: silly message
 15934 | D:11     | Noticed a gargoyle
 15936 | D:11     | XOM: butterfly on damage
 15937 | D:11     | Killed from afar by a gargoyle

Illustrated notes

Levels and vault maps discovered:
D:1:      lemuel_arrival_muddy, layout_rooms, minmay_door_square,
          minmay_misc_feat_room, minivault_27, minmay_tetromino_t2
D:2:      layout_basic, chequers_ecumenical_altar_simple_redux
D:3:      layout_rooms, minmay_overflow_temple_star_quad, serial_curves,
          eino_curves_01, eino_curves_02
D:4:      layout_gridville, minmay_misc_feat_iff, kennysheep_generic_room_13
D:5:      gammafunk_steamed_eel, layout_basic, kennysheep_little_box,
          general_overflow_altar, minmay_temple_entry_purple_smoke,
          gammafunk_ghost_split, minmay_crystal_room, uniq_pikel, uniq_ijyb
D:6:      layout_loops_cross, riverfiend_overflow_shadow_ancestor, basic_altar,
          kennysheep_generic_room_8
D:7:      layout_cave_pools, serial_gnoll_camp, gnoll_camp_mini_sergeant,
          gnoll_camp_mini_hut, gnoll_camp_mini_shop, gnoll_camp_medium_02,
          gnoll_camp_mini_hut, basic_altar
D:8:      layout_basic, chequers_temple_overflow_minitemple, lair_entry_dummy,
          uniq_maurice, uniq_harold, uniq_psyche
D:9:      cheibrodos_two_vegetables, layout_basic, okawaru_humans, erik_orc_2,
          zaba_anthell
D:10:     hangedman_cross_stitches, layout_rooms, serial_shops, kennysheep_mini,
          basic_altar
D:11:     minmay_cornered_nines, layout_long_grid, dk_noncrumbling_2

Skill      XL: |  1  2  3  4  5  6  7  8  9 10 |
---------------+-------------------------------+-----
Unarmed Combat | 4 5 6 8 9 11 13 | 13.6
Dodging        | 4 5 6 7 9 12 14 | 14.4
Evocations     | 1 2 3 |  3.0
Spellcasting   | 2 4 |  4.0
Hexes          | 4 5 |  5.0
Ice Magic      | 3 |  3.0
Fighting       | |  3.0

Action                   |  1- 3 |  4- 6 |  7- 9 | 10-12 || total
-------------------------+-------+-------+-------+-------++-------
Melee: Unarmed           |   107 |   103 |   396 |   551 ||  1157
       Bite              |     9 |     8 |    38 |    42 ||    97
       Headbutt          |     7 |    12 |    86 |    20 ||   125
       Punch             |     1 |     4 |    12 |    20 ||    37
 Cast: Ensorcelled Hiber |       |       |    17 |    83 ||   100
       Confusing Touch   |       |       |    11 |    20 ||    31
       Blink             |       |       |     5 |     8 ||    13
       Tukima's Dance    |       |       |     2 |    27 ||    29
       Slow              |       |       |     1 |     8 ||     9
Evoke: Wand              |       |    11 |    18 |    12 ||    41
  Use: Scroll            |     1 |     7 |     9 |     9 ||    26
       Potion            |       |       |     2 |     3 ||     5
 Stab: Sleeping          |     2 |     3 |    13 |    28 ||    46
       Distracted        |       |       |     2 |     2 ||     4
       Confused          |       |       |     3 |    13 ||    16
       Paralysed         |       |       |       |     4 ||     4
       Petrifying        |       |       |       |     2 ||     2
Armor: Skin              |     4 |     2 |    15 |    26 ||    47
Dodge: Dodged            |    64 |    83 |   341 |   594 ||  1082

Table legend: (Time is in decaauts)
 A = Elapsed time spent in this place.
 B = Non-inter-level travel time spent in this place.
 C = Inter-level travel time spent in this place.
 D = Time resting spent in this place.
 E = Time spent auto-exploring this place.
 F = Levels seen in this place.
 G = Mean time per level.
                   A        B        C        D        E       F      G
               +--------+--------+--------+--------+--------+-----+--------+
         Total |  14097 |  13404 |    693 |   2879 |   6522 |  11 | 1281.5 |
       Dungeon |  14097 |  13404 |    693 |   2879 |   6522 |  11 | 1281.5 |
               +--------+--------+--------+--------+--------+-----+--------+

Top non-repeatable levels by time:
     D:9: 3359 daAuts
     D:8: 2251 daAuts
     D:5: 1820 daAuts
     D:7: 1414 daAuts
     D:2: 1103 daAuts
     D:1: 1060 daAuts
    D:10: 887 daAuts
     D:6: 872 daAuts
     D:4: 734 daAuts
     D:3: 587 daAuts
    D:11: 4 daAuts
